 Dungeon Crawl Stone Soup version 0.32-a0-933-ga8fa3634e4 (webtiles) character file.

Game seed: 8162380889577643427

223 horus123 the Digger (level 5, -2/28 HPs)
             Began as a Deep Elf Earth Elementalist on Apr 15, 2024.
             Slain by Dowan
             ... wielding a +0 dagger
              (3 damage)
             ... on level 4 of the Dungeon.
             The game lasted 00:03:52 (2431 turns).

horus123 the Digger (Deep Elf Earth Elementalist)   Turns: 2431, Time: 00:03:52

Health: -2/28      AC:  4    Str:  7    XL:     5   Next: 66%
Magic:  6/11       EV: 11    Int: 20    God:
Gold:   187        SH:  0    Dex: 15    Spells: 2/10 levels left

rFire   + . .        t - +0 rapier
rCold   . . .        (no shield)
rNeg    . . .        a - +0 robe
rPois   .            (no helmet)
rElec   .            (no cloak)
rCorr   .            (no gloves)
SInv    .            j - +1 pair of boots
Will    +....        c - amulet of regeneration
Stlth   ++           g - ring of willpower
HPRegen 1.04/turn    d - ring of protection from fire
MPRegen 0.12/turn

%: no passive effects
@: no status effects
A: no striking features
a: no special abilities


You were on level 4 of the Dungeon.
You visited 1 branch of the dungeon, and saw 4 of its levels.

You collected 187 gold pieces.

Inventory:

Hand Weapons
 t - a +0 rapier (weapon)
Armour
 a - a +0 robe (worn)
 j - a +1 pair of boots (worn)
 m - a +0 leather armour
Jewellery
 c - an amulet of regeneration (around neck)
 d - a ring of protection from fire (right hand)
 g - a ring of willpower (left hand)
 h - a ring of positive energy
 p - a ring of flight
 s - an amulet of faith
Wands
 y - a wand of flame (21)
Scrolls
 e - a scroll of torment {unknown}
 f - a scroll of fog {unknown}
 i - a scroll of revelation {unknown}
 k - a scroll of fear {unknown}
 l - 2 scrolls of teleportation {unknown}
 n - a scroll of poison {unknown}
 o - 4 scrolls of identify {unknown}
Potions
 b - 3 potions of magic
 q - 2 potions of haste {unknown}
 r - a potion of invisibility {unknown}
 u - a potion of degeneration {unknown}
 v - a potion of berserk rage {unknown}
 w - 2 potions of lignification {unknown}
 x - a potion of attraction {unknown}
 z - a potion of brilliance {unknown}


   Skills:
 - Level 2.4 Dodging
 - Level 2.4 Stealth
 - Level 3.0 Spellcasting
 - Level 1.1 Conjurations
 + Level 7.1 Earth Magic


You had 2 spell levels left.
You knew the following spells:

 Your Spells              Type           Power      Damage    Failure   Level
a - Sandblast             Erth           62%        2d14      1%          1
b - Stone Arrow           Conj/Erth      38%        3d9       8%          3
c - Brom's Barrelling Bo  Conj/Erth      19%        2d4       26%         4

Your spell library contained the following spells:

 Spells                   Type           Power      Damage    Failure   Level
 Passwall                 Erth           31%        N/A       2%          3
 Petrify                  Alch/Erth      17%        N/A       32%         4


Dungeon Overview and Level Annotations

Branches:
Dungeon (4/15)
 Temple: D:4-7

Altars:
Vehumet

Annotations:
D:4 Dowan, Duvessa


Message History

There is an open door here.
The blast of sand hits Duvessa!
Duvessa is heavily wounded.
Duvessa shouts!
Dowan barely misses you.
Duvessa says, "Where magic fails, the sword succeeds!"
Duvessa hits you with a +0 short sword. x2
Dowan points at Duvessa and mumbles some strange words.
Duvessa seems to speed up.
Aiming: Sandblast (safe; 1% risk of failure)
Press: ? - help, Q - select action, (/) - cycle Shift-Dir - straight line, f/p - Duvessa
Aim: Duvessa, wielding a +0 short sword and wearing a +0 ring mail (heavily wounded, fast, 88% to hit)
The blast of sand hits Duvessa but does no damage.
Duvessa is heavily wounded.
Duvessa hits you but does no damage. Dowan closely misses you.
Duvessa hits you with a +0 short sword.
Aiming: Sandblast (safe; 1% risk of failure)
Press: ? - help, Q - select action, (/) - cycle Shift-Dir - straight line, f/p - Duvessa
Aim: Duvessa, wielding a +0 short sword and wearing a +0 ring mail (heavily wounded, fast, 88% to hit)
The blast of sand hits Duvessa but does no damage.
Duvessa is heavily wounded.
Duvessa closely misses you. Dowan hits you with a +0 dagger.
Duvessa closely misses you. Dowan hits you but does no damage.
Unknown command.
Aiming: Sandblast (safe; 1% risk of failure)
Press: ? - help, Q - select action, (/) - cycle Shift-Dir - straight line, f/p - Duvessa
Aim: Duvessa, wielding a +0 short sword and wearing a +0 ring mail (heavily wounded, fast, 88% to hit)
The blast of sand hits Duvessa.
Duvessa is heavily wounded.
Duvessa hits you with a +0 short sword. x2; Dowan hits you but does no damage.
Aiming: Sandblast (safe; 1% risk of failure)
Press: ? - help, Q - select action, (/) - cycle Shift-Dir - straight line, f/p - Duvessa
Aim: Duvessa, wielding a +0 short sword and wearing a +0 ring mail (heavily wounded, fast, 88% to hit)
The blast of sand hits Duvessa.
Duvessa is severely wounded.
Duvessa hits you with a +0 short sword. Dowan hits you with a +0 dagger.
Duvessa hits you with a +0 short sword!
* * * LOW HITPOINT WARNING * * *
Dowan hits you with a +0 dagger.
You die...

#...##.....##....
##..##...........
##..##...........
#...#........)...
#...'............
##'###.....##....
########..#########....
#.........+....|.......
#.####@####............
#..ee.###†..).##....
#..!....##.....##....
#.......##......#....
+..._...+.......'....
#.......#<......#....
#.......#.......#....
##..(..##


You could see Duvessa (fast) and Dowan.

Vanquished Creatures
  A phantom (D:4)
  A scorpion (D:4)
  3 adders
  A dart slug (D:1)
  An orc (D:4)
  15 ball pythons
  3 endoplasms
  7 goblins
  6 hobgoblins
  4 jackals
  3 kobolds
  6 quokkas
  6 bats
  A frilled lizard (D:1)
  4 rats
62 creatures vanquished.

Notes
Turn   | Place    | Note
-------+----------+-------------------------------------------
     0 | D:1      | horus123 the Deep Elf Earth Elementalist began the quest
                  | for the Orb.
     0 | D:1      | Reached XP level 1. HP: 10/10 MP: 6/6
    83 | D:1      | Reached skill level 4 in Earth Magic
    83 | D:1      | Reached XP level 2. HP: 11/15 MP: 1/8
   532 | D:1      | Reached XP level 3. HP: 19/19 MP: 5/9
  1230 | D:2      | Reached skill level 5 in Earth Magic
  1432 | D:2      | Reached XP level 4. HP: 24/24 MP: 8/10
  1540 | D:2      | Learned a level 3 spell: Stone Arrow
  1545 | D:2      | Learned a level 4 spell: Brom's Barrelling Boulder
  1963 | D:3      | Found a faded altar of an unknown god.
  2111 | D:4      | Noticed a phantom
  2119 | D:4      | Killed a phantom
  2120 | D:4      | Reached skill level 6 in Earth Magic
  2120 | D:4      | Reached XP level 5. HP: 14/28 MP: 2/11
  2234 | D:4      | Reached skill level 7 in Earth Magic
  2425 | D:4      | Found a radiant altar of Vehumet.
  2425 | D:4      | Noticed Dowan
  2426 | D:4      | Noticed Duvessa
  2431 | D:4      | HP: 1/28 [Duvessa/+0 short sword (8)]
  2431 | D:4      | Slain by Dowan

Illustrated notes

Levels and vault maps discovered:
D:1:      dpeg_arrival_round_c, layout_basic, grunt_decor_arrowhead,
          st_stairs_2, minmay_liquid_box
D:2:      layout_rooms, minmay_door_square, st_stairs_6
D:3:      layout_rooms, dilly_ecumenical_altar_fadedgnrine
D:4:      layout_gridville, nicolae_vehumet_altar_sigil, serial_shops,
          nicolae_shop_back_alley_shop, minmay_shop_grid_forest,
          small_statue_intersection, uniq_edmund, uniq_duvessa

Skill      XL: |  1  2  3  4  5 |
---------------+----------------+-----
Earth Magic    | 4 5 6 7 |  7.1
Dodging        | |  2.4
Stealth        | |  2.4
Spellcasting   | |  3.0
Conjurations   | |  1.1

Action                     |  1- 3 |  4- 6 || total
---------------------------+-------+-------++-------
  Melee: Unarmed           |     1 |       ||     1
   Cast: Sandblast         |    53 |    41 ||    94
 Armour: Robe              |    11 |    22 ||    33
  Dodge: Dodged            |     4 |    12 ||    16

Table legend: (Time is in decaauts)
 A = Elapsed time spent in this place.
 B = Non-inter-level travel time spent in this place.
 C = Inter-level travel time spent in this place.
 D = Time resting spent in this place.
 E = Time spent auto-exploring this place.
 F = Levels seen in this place.
 G = Mean time per level.
                   A        B        C        D        E       F      G
               +--------+--------+--------+--------+--------+-----+--------+
         Total |   2475 |   2408 |     67 |     69 |   1952 |   4 |  618.8 |
       Dungeon |   2475 |   2408 |     67 |     69 |   1952 |   4 |  618.8 |
               +--------+--------+--------+--------+--------+-----+--------+

Top non-repeatable levels by time:
     D:1: 1028 daAuts
     D:2: 562 daAuts
     D:3: 492 daAuts
     D:4: 392 daAuts
